details: 'I AM RED I AM ORANGE'

« prev index next »

General information

Mini Map

Players

team 1
Random» UndeadLaser-Lightning (purple | 33 APM | 1311 actions | 40:06)
Hero icon 6 Lich
Ability icon 3 Frost Nova
Ability icon 3 Dark Ritual

» actions
Assign group hotkey28
Basic commands130
Build / train61
ESC pressed3
Enter build submenu14
Enter hero's abilities submenu6
Give item / drop item1
Right click361
Select / deselect257
Select group hotkey376
Use ability74
1311 total
» units
Acolyte8
Ghoul3
Crypt Fiend12
Obsidian Statue7
Abomination3
Frost Wyrm1
34 total
» upgrades
Creature Attack3
Creature Carapace2
Web1
Unholy Armor1
Disease Cloud1
Unholy Strength1
9 total
» buildings
Ziggurat6
Crypt1
Altar of Darkness1
Graveyard1
Tomb of Relics1
Nerubian Tower1
Halls of the Dead1
Spirit Tower2
Slaughterhouse2
Black Citadel1
17 total
» build order
00:08 Ziggurat
00:10 Crypt
00:54 Altar of Darkness
01:10 Graveyard
01:34 Tomb of Relics
02:00 Nerubian Tower
02:16 Ziggurat
03:51 Halls of the Dead
05:39 Ziggurat
05:44 Spirit Tower
06:13 Slaughterhouse
06:19 Slaughterhouse
09:10 Black Citadel
09:21 Ziggurat
09:29 Ziggurat
11:49 Spirit Tower
13:44 Ziggurat
» items
Rod of Necromancy3
Scroll of Town Portal3
6 total
OrcDARIAN.FRIND (orange | 47 APM | 1973 actions | 42:22)
Hero icon 9 Tauren Chieftain
Ability icon 3 War Stomp
Ability icon 3 Endurance Aura
Ability icon 2 Reincarnation
Ability icon 1 Shockwave

» actions
Assign group hotkey37
Basic commands61
Build / train79
Enter build submenu25
Enter hero's abilities submenu9
Give item / drop item3
Remove unit from queue1
Right click777
Select / deselect326
Select group hotkey527
Use ability128
1973 total
» units
Peon11
Grunt3
Goblin Shredder1
Wind Rider8
Goblin Sapper22
45 total
» upgrades
Ranged Weapons2
Reinforced Defenses1
Armor2
Envenomed Spears1
6 total
» buildings
Altar of Storms1
Orc Burrow11
Barracks3
Voodoo Lounge1
Great Hall1
Stronghold2
War Mill1
Fortress1
Watch Tower21
Beastiary3
45 total
» build order
00:09 Altar of Storms
00:23 Orc Burrow
00:39 Barracks
01:20 Orc Burrow
01:56 Voodoo Lounge
03:21 Great Hall
03:48 Stronghold
04:23 Orc Burrow
04:24 Orc Burrow
04:39 War Mill
06:33 Fortress
07:04 Watch Tower
07:04 Watch Tower
07:05 Watch Tower
07:13 Watch Tower
07:15 Watch Tower
07:42 Watch Tower
07:43 Watch Tower
07:43 Watch Tower
07:49 Watch Tower
08:30 Watch Tower
08:30 Watch Tower
08:31 Watch Tower
08:41 Watch Tower
08:42 Watch Tower
09:29 Beastiary
09:33 Beastiary
09:44 Watch Tower
09:45 Watch Tower
09:47 Watch Tower
10:17 Beastiary
11:41 Watch Tower
11:42 Watch Tower
11:43 Watch Tower
11:43 Watch Tower
14:47 Orc Burrow
14:48 Orc Burrow
14:48 Orc Burrow
40:29 Barracks
40:30 Barracks
40:32 Orc Burrow
40:32 Orc Burrow
40:32 Orc Burrow
40:33 Orc Burrow
» items
Healing Salve2
Scroll of Town Portal2
Orb of Lightning1
Potion of Mana1
Staff of Teleportation1
Tome of Retraining1
8 total
Random» Undeaddigao6969 (yellow | 26 APM | 811 actions | 31:01)
Hero icon 4 Death Knight
Ability icon 1 Death Coil
Ability icon 2 Unholy Aura
Ability icon 1 Death Pact

» actions
Assign group hotkey9
Basic commands8
Build / train75
Enter build submenu38
Enter hero's abilities submenu4
Right click225
Select / deselect234
Select group hotkey146
Use ability72
811 total
» units
Acolyte35
Ghoul3
Crypt Fiend10
Frost Wyrm1
49 total
» upgrades
Web1
Creature Attack1
Creature Carapace1
3 total
» buildings
Crypt2
Ziggurat21
Graveyard1
Altar of Darkness1
Necropolis1
Halls of the Dead1
Tomb of Relics1
Black Citadel1
Sacrificial Pit1
Spirit Tower12
Nerubian Tower1
Boneyard3
46 total
» build order
00:12 Crypt
00:16 Crypt
00:39 Ziggurat
01:01 Ziggurat
01:17 Graveyard
02:24 Altar of Darkness
03:14 Ziggurat
05:54 Necropolis
06:18 Halls of the Dead
06:23 Ziggurat
06:42 Ziggurat
06:46 Tomb of Relics
08:58 Black Citadel
09:03 Sacrificial Pit
09:10 Ziggurat
09:12 Ziggurat
09:15 Ziggurat
09:18 Ziggurat
09:22 Ziggurat
09:25 Ziggurat
09:47 Spirit Tower
09:59 Spirit Tower
10:18 Spirit Tower
10:21 Spirit Tower
10:26 Nerubian Tower
10:34 Spirit Tower
10:41 Spirit Tower
15:51 Ziggurat
15:55 Ziggurat
15:58 Ziggurat
16:09 Ziggurat
19:17 Ziggurat
19:20 Ziggurat
19:54 Spirit Tower
20:16 Spirit Tower
20:39 Spirit Tower
20:53 Boneyard
20:59 Boneyard
21:05 Boneyard
21:13 Ziggurat
21:17 Ziggurat
22:08 Spirit Tower
22:10 Spirit Tower
23:38 Ziggurat
23:41 Ziggurat
24:40 Spirit Tower
» items
Rod of Necromancy1
Scroll of Town Portal1
Staff of Teleportation1
3 total
UndeadGraziela (blue | 35 APM | 857 actions | 24:20)
Hero icon 5 Lich
Ability icon 3 Frost Nova
Ability icon 2 Frost Armor

» actions
Assign group hotkey42
Build / train81
Enter build submenu29
Enter hero's abilities submenu5
Give item / drop item1
Remove unit from queue2
Right click237
Select / deselect213
Select group hotkey179
Use ability68
857 total
» units
Acolyte17
Ghoul4
Crypt Fiend19
Frost Wyrm1
41 total
» upgrades
Creature Attack3
Creature Carapace3
Web1
Freezing Breath1
8 total
» buildings
Ziggurat14
Crypt2
Altar of Darkness1
Tomb of Relics1
Graveyard1
Spirit Tower6
Halls of the Dead1
Black Citadel1
Sacrificial Pit1
Boneyard2
30 total
» build order
00:12 Ziggurat
00:17 Crypt
00:23 Altar of Darkness
00:43 Crypt
01:19 Tomb of Relics
01:30 Ziggurat
02:08 Graveyard
05:48 Ziggurat
07:23 Ziggurat
07:26 Ziggurat
07:33 Spirit Tower
09:36 Spirit Tower
09:46 Halls of the Dead
09:52 Ziggurat
09:54 Ziggurat
10:28 Spirit Tower
11:39 Spirit Tower
12:39 Ziggurat
12:42 Black Citadel
14:53 Sacrificial Pit
14:55 Spirit Tower
15:48 Boneyard
15:52 Boneyard
16:09 Ziggurat
18:25 Spirit Tower
19:26 Ziggurat
19:28 Ziggurat
19:34 Ziggurat
19:36 Ziggurat
24:01 Ziggurat
» items
Rod of Necromancy2
Healing Salve1
Potion of Mana5
Lesser Clarity Potion3
Potion of Healing4
Scroll of Town Portal2
17 total
team 2
HumanLovemancy (teal | 54 APM | 2267 actions | 42:22)
Hero icon 10 Archmage
Ability icon 3 Summon Water Elemental
Ability icon 3 Brilliance Aura
Ability icon 1 Mass Teleport
Ability icon 3 Blizzard

» actions
Assign group hotkey186
Basic commands180
Build / train102
Enter build submenu48
Enter hero's abilities submenu10
Give item / drop item8
Right click963
Select / deselect384
Select group hotkey233
Use ability153
2267 total
» units
Peasant12
Footman5
Goblin Shredder1
Gryphon Rider12
Goblin Sapper2
Goblin Zeppelin1
Green Dragon3
36 total
» upgrades
Masonry2
Swords3
Armor3
Animal War Training1
Storm Hammers1
Cloud1
11 total
» buildings
Altar of Kings1
Barracks2
Farm6
Lumber Mill1
Keep1
Arcane Vault3
Town Hall2
Scout Tower23
Guard Tower6
Castle1
Gryphon Aviary7
Blacksmith2
55 total
» build order
00:40 Altar of Kings
00:41 Barracks
00:52 Barracks
00:55 Farm
01:05 Farm
01:29 Farm
01:37 Farm
02:41 Lumber Mill
03:28 Keep
03:42 Arcane Vault
04:49 Town Hall
04:53 Scout Tower
04:54 Scout Tower
04:55 Scout Tower
04:55 Scout Tower
05:02 Scout Tower
05:03 Scout Tower
05:04 Scout Tower
05:05 Scout Tower
05:39 Guard Tower
06:42 Farm
06:52 Castle
06:54 Guard Tower
07:54 Gryphon Aviary
07:56 Gryphon Aviary
07:56 Gryphon Aviary
07:59 Gryphon Aviary
08:02 Gryphon Aviary
08:04 Gryphon Aviary
08:41 Arcane Vault
08:46 Gryphon Aviary
08:51 Blacksmith
08:54 Blacksmith
09:00 Farm
13:04 Guard Tower
17:30 Scout Tower
17:31 Scout Tower
17:33 Scout Tower
17:34 Scout Tower
17:43 Scout Tower
17:44 Scout Tower
17:46 Scout Tower
17:53 Scout Tower
17:54 Scout Tower
17:55 Scout Tower
17:58 Scout Tower
18:47 Guard Tower
19:29 Guard Tower
19:37 Arcane Vault
29:28 Town Hall
30:20 Scout Tower
30:26 Scout Tower
30:29 Scout Tower
30:32 Scout Tower
31:33 Guard Tower
» items
Scroll of Regeneration12
Lesser Clarity Potion1
Scroll of Town Portal8
Periapt of Vitality3
Scroll of Healing1
Potion of Lesser Invulnerability1
Potion of Healing7
Mechanical Critter2
Staff of Sanctuary1
36 total
HumanHighwaymenOf4v4 (red | 86 APM | 3648 actions | 42:22)
Hero icon 8 Blood Mage
Ability icon 3 Flame Strike
Ability icon 3 Banish
Ability icon 1 Summon Phoenix
Ability icon 1 Siphon Mana

» actions
Assign group hotkey95
Basic commands253
Build / train176
ESC pressed2
Enter build submenu63
Enter hero's abilities submenu8
Give item / drop item4
Right click1209
Select / deselect421
Select group hotkey1166
Use ability251
3648 total
» units
Peasant15
Footman4
Goblin Shredder2
Sorceress1
Gryphon Rider7
Dragonhawk Rider2
31 total
» upgrades
Masonry3
Swords3
Lumber Harvesting1
Sorceress Training2
Armor3
Storm Hammers1
Animal War Training1
Cloud1
15 total
» buildings
Altar of Kings1
Barracks1
Farm11
Arcane Vault1
Town Hall3
Keep3
Lumber Mill1
Scout Tower47
Guard Tower45
Blacksmith1
Castle3
Arcane Sanctum1
Gryphon Aviary6
124 total
» build order
00:54 Altar of Kings
00:57 Barracks
00:59 Farm
01:07 Farm
01:33 Farm
01:53 Arcane Vault
02:14 Farm
03:56 Town Hall
05:15 Keep
05:15 Keep
05:20 Lumber Mill
05:26 Scout Tower
05:28 Scout Tower
05:31 Scout Tower
05:34 Scout Tower
05:37 Scout Tower
05:39 Scout Tower
06:45 Guard Tower
06:47 Guard Tower
06:47 Guard Tower
06:54 Blacksmith
06:57 Scout Tower
08:37 Castle
08:37 Castle
08:37 Castle
08:41 Arcane Sanctum
08:53 Guard Tower
08:53 Guard Tower
08:53 Guard Tower
09:39 Gryphon Aviary
09:40 Gryphon Aviary
11:04 Scout Tower
11:05 Scout Tower
11:06 Scout Tower
11:07 Scout Tower
12:04 Scout Tower
12:06 Scout Tower
12:07 Scout Tower
12:08 Scout Tower
12:28 Guard Tower
12:28 Guard Tower
13:02 Farm
13:54 Guard Tower
15:36 Scout Tower
15:37 Scout Tower
15:38 Scout Tower
15:41 Scout Tower
15:43 Scout Tower
15:47 Scout Tower
15:48 Scout Tower
15:49 Scout Tower
15:50 Scout Tower
15:51 Scout Tower
15:52 Scout Tower
15:53 Scout Tower
15:58 Scout Tower
16:09 Scout Tower
16:10 Scout Tower
16:11 Scout Tower
16:11 Scout Tower
16:13 Scout Tower
16:44 Guard Tower
16:58 Guard Tower
16:58 Guard Tower
16:58 Guard Tower
17:11 Scout Tower
17:12 Scout Tower
17:13 Scout Tower
17:14 Scout Tower
17:14 Scout Tower
17:15 Scout Tower
17:16 Scout Tower
17:17 Scout Tower
17:19 Scout Tower
17:35 Scout Tower
18:09 Guard Tower
18:19 Guard Tower
18:30 Guard Tower
18:30 Guard Tower
18:30 Guard Tower
18:33 Guard Tower
18:33 Guard Tower
18:33 Guard Tower
18:33 Guard Tower
18:36 Guard Tower
18:36 Guard Tower
18:36 Guard Tower
18:45 Scout Tower
18:47 Scout Tower
18:48 Scout Tower
18:49 Scout Tower
19:03 Guard Tower
19:19 Guard Tower
19:20 Guard Tower
19:20 Guard Tower
19:20 Guard Tower
19:20 Guard Tower
20:06 Guard Tower
20:07 Guard Tower
21:00 Guard Tower
22:13 Farm
22:13 Farm
22:14 Farm
22:29 Town Hall
25:20 Town Hall
30:13 Gryphon Aviary
30:13 Gryphon Aviary
30:16 Gryphon Aviary
30:17 Gryphon Aviary
33:35 Farm
33:38 Farm
33:40 Farm
» items
Scroll of Regeneration15
Mechanical Critter2
Lesser Clarity Potion11
Potion of Mana3
Potion of Healing6
Periapt of Vitality1
Potion of Invisibility1
Staff of Teleportation1
Scroll of Town Portal6
Potion of Lesser Invulnerability1
Staff of Sanctuary1
48 total
OrcPeonTheWall (pink | 28 APM | 1162 actions | 42:09)
Hero icon 3 Blademaster
Ability icon 2 Wind Walk
Ability icon 1 Critical Strike
Hero icon 3 Mountain King
Ability icon 2 Storm Bolt
Ability icon 1 Bash

» actions
Basic commands52
Build / train137
Enter build submenu33
Enter hero's abilities submenu7
Remove unit from queue7
Right click567
Select / deselect302
Use ability57
1162 total
» units
Peon15
Peasant7
Grunt6
Footman39
Troll Headhunter/Berserker6
Tauren3
Shaman1
Wind Rider24
101 total
» upgrades
Plating2
Swords2
Defend1
Troll Regeneration1
Witch Doctor Training2
Shaman Training2
Armor2
Melee Weapons1
Ranged Weapons2
Envenomed Spears1
16 total
» buildings
Orc Burrow10
Altar of Storms1
Barracks2
Farm6
Voodoo Lounge1
Blacksmith1
War Mill1
Stronghold1
Keep1
Arcane Vault1
Fortress1
Spirit Lodge1
Great Hall1
Castle1
Arcane Sanctum1
Tauren Totem2
Beastiary2
34 total
» build order
00:09 Orc Burrow
00:15 Altar of Storms
00:51 Barracks
01:02 Farm
01:07 Barracks
01:32 Voodoo Lounge
01:57 Farm
02:10 Farm
02:15 Farm
02:22 Blacksmith
02:30 Orc Burrow
02:41 War Mill
03:14 Farm
03:35 Stronghold
03:46 Orc Burrow
04:35 Keep
04:41 Farm
05:22 Arcane Vault
05:59 Fortress
06:02 Spirit Lodge
09:40 Great Hall
10:02 Castle
10:07 Arcane Sanctum
10:35 Tauren Totem
10:39 Tauren Totem
16:11 Beastiary
16:46 Beastiary
17:31 Orc Burrow
18:04 Orc Burrow
18:13 Orc Burrow
18:40 Orc Burrow
19:29 Orc Burrow
20:13 Orc Burrow
20:34 Orc Burrow
» items
Healing Salve1
1 total
Random» Humanrvd (green | 42 APM | 8 actions | 00:11)

» actions
Build / train2
Enter build submenu1
Right click1
Select / deselect3
Use ability1
8 total
» units
Peasant2
2 total
» buildings
Altar of Kings1
1 total
» build order
00:07 Altar of Kings

Chat log

(00:13 / All) DARIAN.FRIND: me 2
(00:30 / Allies) Lovemancy: you got pink?
(00:33 / Allies) PeonTheWall: ya
(01:28 / Allies) HighwaymenOf4v4: you get bot mid expo because it's closer to you and undead might be tryhard harassing fags who see mid left
(01:41 / Allies) Lovemancy: k

(07:13 / Allies) PeonTheWall: hittin oj

(08:51 / Allies) PeonTheWall: hit u dumshits
(09:25 / Allies) PeonTheWall: u two are fucking idiots
(09:28 / Allies) HighwaymenOf4v4: l;ol
(09:34 / Allies) Lovemancy: with my imaginary unitts lel
(09:47 / Allies) PeonTheWall: an imaginary win too
(09:53 / Allies) HighwaymenOf4v4: I'll use book of dead
(09:57 / Allies) Lovemancy: yeah it's def over since I didn't attack in first 5 minutes
(09:58 / Allies) HighwaymenOf4v4: focus low hp wolf
(10:00 / Allies) HighwaymenOf4v4: the level 2
(10:20 / Allies) PeonTheWall: considering how much ur helping its over
(10:47 / Allies) PeonTheWall: tp
(10:58 / Allies) HighwaymenOf4v4: eh I don't care much about you or your base

(13:40 / Allies) Lovemancy: move deer
(14:17 / Allies) HighwaymenOf4v4: tk
(14:43 / Allies) Lovemancy: thanks pink
(14:46 / Allies) Lovemancy: I saved you and you do that
(14:58 / Allies) PeonTheWall: fuck u red
(15:20 / All) Lovemancy: and you feed them lel
(15:22 / Allies) Lovemancy: thank faggot

(17:05 / Allies) HighwaymenOf4v4: k sec

(18:21 / Allies) HighwaymenOf4v4: inc blue
(18:40 / Allies) HighwaymenOf4v4: hits the side we don't tower lawl

(21:49 / Allies) HighwaymenOf4v4: and green
(21:50 / All) Lovemancy: leave you moron
(22:06 / Allies) HighwaymenOf4v4: all those wyverns are coming to attack us
(22:12 / Allies) Lovemancy: pink are you still bsing
(22:33 / All) Lovemancy: every 10 seconds with this shit
(22:36 / All) Lovemancy: just leave you faggot
(22:44 / All) Graziela: i think orange is helping other time
(23:27 / Allies) Lovemancy: you're such a retard dude
(23:32 / Allies) Lovemancy: game isn't over you dumb bitch
(23:44 / Allies) Lovemancy: boohoo someone doesn't play exactly how you like

(25:03 / Allies) Lovemancy: pink not even 50%
(25:22 / All) HighwaymenOf4v4: fuicking laggign fag
(25:45 / Allies) Lovemancy: leave retard
(25:53 / All) PeonTheWall: lol dumshit oj im tkiong
(25:55 / Allies) Lovemancy: 48% retard
(25:59 / All) HighwaymenOf4v4: you're failing to tk
(26:33 / All) PeonTheWall: get frost u dumshits
(26:43 / Allies) Lovemancy: dumb moove lol
(26:58 / Allies) Lovemancy: thogut was more towers
(26:59 / All) PeonTheWall: kill red expo in corner
(27:45 / All) HighwaymenOf4v4: raped

(28:50 / All) Lovemancy: jsut leave retard
(29:07 / All) Lovemancy: you're inept
(29:57 / Allies) Lovemancy: come on pussy
(30:04 / Allies) Lovemancy: baby back bitch
(30:22 / Allies) HighwaymenOf4v4: wood me
(30:42 / Allies) HighwaymenOf4v4: ty
(31:09 / Allies) Lovemancy: baby back bitch
(31:10 / All) HighwaymenOf4v4: when you see a blood mage killing your t3 by itself
(31:13 / All) HighwaymenOf4v4: that is how you know you lost
(31:22 / All) HighwaymenOf4v4: FUCK
(31:37 / All) DARIAN.FRIND: where
(32:05 / All) Lovemancy: time to go purple
(32:09 / All) HighwaymenOf4v4: LAGGING POS
(32:09 / All) Lovemancy: you too pink
(32:44 / All) DARIAN.FRIND: why did pink call me a retard
(33:01 / All) PeonTheWall: cause ur on the same team as in BOT
(33:30 / All) DARIAN.FRIND: lol
(33:31 / All) Lovemancy: Your shit is gone
(33:32 / All) HighwaymenOf4v4: fucking fisher price router
(33:34 / All) Lovemancy: Just leave moron
(34:02 / All) PeonTheWall: not sure why red plays against himself

(35:35 / Allies) PeonTheWall: feed
(35:38 / Allies) PeonTheWall: thats it
(35:51 / Allies) HighwaymenOf4v4: shut the fuck up and go kill yourself
(35:55 / All) PeonTheWall: lmfao what a useless pos
(36:01 / All) Laser-Lightning: wow
(36:04 / All) PeonTheWall: fucking pos botuser
(36:09 / All) HighwaymenOf4v4: "botuser"
(36:11 / All) Laser-Lightning: he has 6000 gold
(36:15 / All) Laser-Lightning: killed my gold mine
(36:19 / All) Laser-Lightning: then does that
(36:22 / All) PeonTheWall: purp he controls both
(36:23 / All) Lovemancy: that's impressive
(36:26 / All) Lovemancy: I only have 10k
(36:34 / All) DARIAN.FRIND: lol
(36:35 / All) PeonTheWall: thats why hes a piece of shit
(36:44 / All) PeonTheWall: he thinks he is good
(36:51 / All) HighwaymenOf4v4: I AM ORANGE
(36:54 / All) Laser-Lightning: he killed my mine with a sapper....
(36:56 / All) DARIAN.FRIND: am red
(37:03 / All) Lovemancy: I AM TEAL
(37:03 / All) DARIAN.FRIND: I AM RED
(37:07 / All) HighwaymenOf4v4: I AM ORANGE
(37:09 / All) PeonTheWall: i know dumshit
(37:10 / All) DARIAN.FRIND: i am red
(37:15 / All) PeonTheWall: who is purple
(37:17 / All) HighwaymenOf4v4: I AM ORANGE
(37:20 / All) DARIAN.FRIND: PURPLE IS NOOB
(37:22 / All) DARIAN.FRIND: I AM RED
(37:23 / All) HighwaymenOf4v4: A NOOB
(37:25 / All) HighwaymenOf4v4: I AM ORANGE
(37:28 / All) DARIAN.FRIND: I AM RED
(37:28 / All) PeonTheWall: but who is HE
(37:31 / All) HighwaymenOf4v4: I AM ORANGE
(37:32 / All) Lovemancy: PURPLE IS A NOOB
(37:35 / All) Lovemancy: I AM TEAL
(37:35 / All) DARIAN.FRIND: A NOOB
(37:38 / All) Lovemancy: A NOOB
(37:42 / All) Lovemancy: PINK IS A NOOB
(38:00 / All) DARIAN.FRIND: MAYBE IF U DIDNT LAG 100% OF THE GAME PURPLE
(38:09 / All) DARIAN.FRIND: HAVE SOME CONSIDERATION FOR OTHERS JESUS CHRIST
(38:11 / All) DARIAN.FRIND: U LAGGED ALL GAME
(38:18 / All) HighwaymenOf4v4: ^^^^^^^^^^
(38:23 / All) HighwaymenOf4v4: FUCKING FAGGOT RUINING MY MICRO OF 2 PLAYERS
(38:24 / All) PeonTheWall: LOL purp they want u to leave so they can play the idiot game
(38:29 / All) HighwaymenOf4v4: HARD TO CONTROL 2 PLAYERS WHEN YOU DO THAT
(38:33 / All) DARIAN.FRIND: purple says "but u promised me the win"
(38:48 / All) Laser-Lightning: dude no i didnt...
(38:53 / All) Lovemancy: YOU BETRAYED THE LAW
(38:55 / All) Laser-Lightning: he said he would win it...
(38:56 / All) PeonTheWall: but who was green?
(39:03 / All) DARIAN.FRIND: purple u need to have some consideration for others, u lagged all game. its rude as hell
(39:08 / All) Laser-Lightning: orange what is wrong with you?
(39:14 / All) PeonTheWall: he is red
(39:16 / All) DARIAN.FRIND: I AM NOT ORANGE
(39:18 / All) DARIAN.FRIND: I AM RED
(39:19 / All) PeonTheWall: not green
(39:22 / All) HighwaymenOf4v4: I AM NOT RED
(39:24 / All) HighwaymenOf4v4: I AM ORANGE
(39:29 / All) DARIAN.FRIND: i am not orange
(39:31 / All) DARIAN.FRIND: i am red
(39:31 / All) Laser-Lightning: why do you even play this if you re going to screw around and attack youre team..
(39:40 / All) DARIAN.FRIND: CUZ U LAGGED PURPLE
(39:41 / All) DARIAN.FRIND: JESUS CHRIST
(39:45 / All) PeonTheWall: but green isnt here or is he?
(39:47 / All) Laser-Lightning: yes and im still lagging
(39:48 / All) DARIAN.FRIND: GET THAT THROUGH UR HEAD IF U LAG I DONT WANT TO HELP U
(39:50 / All) Lovemancy: I would love to strangle you
(40:05 / All) PeonTheWall: lmfao oj destructs
(40:06 / All) DARIAN.FRIND: are we doing a standoff?
(40:11 / All) DARIAN.FRIND: obviously not
(40:17 / All) Lovemancy: well well well
(40:37 / All) PeonTheWall: na teal is trying or is it red? maybe green?
(40:46 / All) HighwaymenOf4v4: I AM NOT RED, I AM ORANGE
(41:00 / All) DARIAN.FRIND: permission to attack red
(41:04 / All) HighwaymenOf4v4: YOU ARE RED
(41:05 / All) HighwaymenOf4v4: ATTACK RED
(41:09 / All) DARIAN.FRIND: ATTACK RED
(41:11 / All) DARIAN.FRIND: COMMENCED
(41:31 / All) DARIAN.FRIND: PINK IS A DUMBSHIT
(41:35 / All) HighwaymenOf4v4: PINK IS A DUMBSHIT
(41:39 / All) Lovemancy: PINK IS A DUMBSHIT
(41:50 / All) HighwaymenOf4v4: PINK IS A DUMBSHIT
(41:55 / All) Lovemancy: PINK IS A DUMBSHIT
(42:06 / All) PeonTheWall: cyu clowns later i know this game
(42:12 / All) HighwaymenOf4v4: LOL
(42:14 / All) DARIAN.FRIND: LAWL
(42:15 / All) Lovemancy: pink lose
(42:17 / All) Lovemancy: pink lose
(42:21 / All) HighwaymenOf4v4: pink los